 Dungeon Crawl Stone Soup version 0.30-a0-553-g7fabdf1491 (webtiles) character file.

Game seed: 2652446526776665335

147 arthad the Digger (level 5, -1/25 HPs)
             Began as a Gargoyle Earth Elementalist on Dec 25, 2022.
             Slain by a kobold brigand
             ... wielding a +0 dagger
              (3 damage)
             ... in a sewer on Dec 26, 2022.
             The game lasted 00:23:58 (2050 turns).

arthad the Digger (Gargoyle Earth Elementalist)     Turns: 2050, Time: 00:23:59

Health: -1/25      AC:  8    Str: 11    XL:     5   Next: 29%
Magic:  4/9        EV: 12    Int: 18    God:
Gold:   131        SH:  0    Dex: 10    Spells: 3/9 levels left

rFire   + . .      SeeInvis .    f - staff of earth
rCold   + . .      Faith    .    (no shield)
rNeg    + . .      Spirit   .    a - +0 robe
rPois   ∞          Reflect  .    (no helmet)
rElec   +          Harm     .    h - +1 cloak
rCorr   +          Rampage  .    (no gloves)
Will    .....                    (no boots)
Stlth   ++                       (no amulet)
HPRegen 0.24/turn                (no ring)
MPRegen 0.11/turn                (no ring)

@: resistant, hasted, very quick
A: sickness immunity, AC +4, negative energy resistance 1, electricity
resistance, torment resistance 1, petrification resistance, frail 1
a: no special abilities


You were in a sewer.
You visited 1 branch of the dungeon, and saw 3 of its levels.
You also visited: Sewer.

You collected 131 gold pieces.

Inventory:

Missiles
 c - a curare-tipped dart
 e - 7 poisoned darts
Armour
 a - a +0 robe (worn)
 h - a +1 cloak (worn)
Magical Staves
 f - a staff of earth (weapon)
Wands
 i - a wand of acid (1)
Scrolls
 d - a scroll of enchant armour
 j - a scroll of torment {unknown}
 k - a scroll of enchant weapon {unknown}
 o - a scroll of identify
Potions
 b - a potion of magic
 l - a potion of degeneration
 p - a potion of cancellation {unknown}


   Skills:
 + Level 2.0 Dodging
 * Level 3.7 Stealth
 * Level 2.6 Spellcasting
 * Level 1.4 Conjurations
 + Level 1.3 Transmutations
 + Level 0.4 Air Magic
 * Level 4.4 Earth Magic
 + Level 0.7 Poison Magic


You had 3 spell levels left.
You knew the following spells:

 Your Spells              Type           Power      Damage    Failure   Level
a - Sandblast             Erth           54%        2d13      2%          1
b - Stone Arrow           Conj/Erth      38%        3d9       16%         3
c - Poisonous Vapours     Pois/Air       8%         N/A       21%         2

Your spell library contained the following spells:

 Spells                   Type           Power      Damage    Failure   Level
 Passwall                 Tmut/Erth      15%        N/A       8%          2
 Mephitic Cloud           Conj/Pois/Air  5%         N/A       34%         3
 Petrify                  Tmut/Erth      19%        N/A       45%         4
 Cigotuvi's Dreadful Rot  Necr/Pois/Air  Unusable   N/A       N/A         2

Dungeon Overview and Level Annotations

Branches:
Dungeon (3/15)              Sewer (1/1)

Altars:
Trog

Shops:
D:1 :


Innate Abilities, Weirdness & Mutations

You are immune to sickness and miasma.
Your stone body is resilient. (AC +4)
You are immune to poison.
You resist negative energy. (rN+)
You are resistant to electric shocks. (rElec)
You are resistant to unholy torment.
You are immune to petrification.
You are frail. (-10% HP)


Message History

The kobold brigand hits you with a +0 dagger.
You completely miss the kobold. The kobold hits you but does no damage.
Aiming: Sandblast (safe; 2% risk of failure)
Press: ? - help, Q - select action, (/) - cycle Shift-Dir - straight line, f - kobold brigand, p - kobold brigand
Aim: a kobold brigand, wielding a +2 dagger of protection and quivering curare-tipped darts (79% to hit)
You feel a surge of power!
The blast of sand hits the kobold.
You kill the kobold!
The kobold brigand closely misses you.
Aiming: Sandblast (safe; 2% risk of failure)
Press: ? - help, Q - select action, (/) - cycle Shift-Dir - straight line, f/p - kobold brigand
Aim: a kobold brigand, wielding a +2 dagger of protection and quivering curare-tipped darts (79% to hit)
You feel a surge of power!
The blast of sand hits the kobold brigand but does no damage.
The kobold brigand hits you with a +0 dagger!
The kobold brigand hits you but does no damage.
Aiming: Sandblast (safe; 2% risk of failure)
Press: ? - help, Q - select action, (/) - cycle Shift-Dir - straight line, f - kobold brigand, p - kobold brigand
Aim: a kobold brigand, wielding a +0 dagger and quivering poisoned darts (lightly wounded, 79% to hit)
You feel a surge of power!
The blast of sand hits the kobold brigand!
The kobold brigand is heavily wounded.
The kobold brigand hits you with a +2 dagger of protection.
The kobold brigand hits you but does no damage.
The kobold hits you but does no damage.
The kobold brigand hits you with a +2 dagger of protection!
* * * LOW HITPOINT WARNING * * *
It was a potion of resistance.
You feel protected.
The kobold brigand hits you but does no damage.
The kobold hits you with a +0 dagger.
* * * LOW HITPOINT WARNING * * *
The kobold brigand hits you with a +2 dagger of protection.
* * * LOW HITPOINT WARNING * * *
It was a potion of mutation.
You feel extremely strange.
You feel frail.
The kobold brigand hits you but does no damage.
The kobold closely misses you. The kobold brigand barely misses you.
It was a potion of haste.
You feel yourself speed up.
The kobold brigand hits you with a +0 dagger.
You die...

≈≈~≈≈≈≈≈~≈≈≈≈≈~≈≈≈≈≈~≈≈≈≈≈~≈
~~~~~~~~~~~~~~~~~~~~~~~~~~~~
~##########~~~~##########~######
P~~P...P~~~P~~~~P~P...~~P~#....#
..~~~..~~P~~~~~P~~~...~~~~'..∩?#
...........~~P~.......~.P~'....#
...............†.....K.P..#!!..#
...............KPK##..)...# ####
.............#.K@##########
.##.....P....#...#
####P..####..##### # ##### ####


You could see 2 kobold brigands and a kobold.

Vanquished Creatures
  A kobold brigand (Sewer)
  2 adders
  A bat skeleton (D:2)
  A bat zombie (D:2)
  5 endoplasms
  3 giant cockroaches
  A goblin (D:2)
  7 hobgoblins
  3 jackals (D:1)
  5 ball pythons
  A ball python zombie (D:2)
  7 bats
  16 kobolds
  A quokka skeleton (D:2)
  5 rats
59 creatures vanquished.

Vanquished Creatures (others)
  A plant (Sewer)
1 creature vanquished.

Grand Total: 60 creatures vanquished

Notes
Turn   | Place    | Note
-------+----------+-------------------------------------------
     0 | D:1      | arthad the Gargoyle Earth Elementalist began the quest for
                  | the Orb.
     0 | D:1      | Reached XP level 1. HP: 10/10 MP: 3/3
   165 | D:1      | Reached XP level 2. HP: 15/15 MP: 0/5
   494 | D:1      | Found Goreism's Book Emporium.
   571 | D:1      | Reached skill level 1 in Transmutations
   653 | D:1      | Reached skill level 4 in Earth Magic
   653 | D:1      | Reached XP level 3. HP: 6/19 MP: 0/6
   711 | D:1      | Learned a level 3 spell: Stone Arrow
   714 | D:1      | Learned a level 2 spell: Poisonous Vapours
  1341 | D:2      | Found a faded altar of an unknown god.
  1374 | D:2      | Found a bloodstained altar of Trog.
  1376 | D:2      | Upgraded the game from 0.30-a0-540-g0af01429fa to
                  | 0.30-a0-553-g7fabdf1491
  1566 | D:3      | Found a glowing drain.
  1577 | Sewer    | Entered a sewer
  1633 | Sewer    | Noticed a kobold brigand
  1638 | Sewer    | Reached XP level 4. HP: 22/24 MP: 3/7
  1665 | Sewer    | Killed a kobold brigand
  1666 | Sewer    | Reached skill level 1 in Conjurations
  1666 | Sewer    | Reached XP level 5. HP: 19/28 MP: 0/8
  2030 | Sewer    | Noticed a kobold brigand
  2030 | Sewer    | Noticed a kobold brigand
  2048 | Sewer    | HP: 1/28 [kobold brigand/+2 dagger of protection (3)]
  2049 | Sewer    | Gained mutation: You are frail. (-10% HP) [potion of
                  | mutation]
  2050 | Sewer    | Slain by a kobold brigand

Illustrated notes

Levels and vault maps discovered:
D:1:      minmay_arrival_arboretum_small, layout_basic, serial_shops,
          nicolae_shop_trees
D:2:      layout_basic, hellmonk_ecumenical_altar_pennies_from_heaven,
          basic_altar, serial_undead, serial_undead_f, serial_undead_a,
          serial_undead_f, serial_undead_e
D:3:      minmay_angry_zag, layout_rooms, cheibrodos_sewer_entry_sluice
Sewer:    kennysheep_pipe_town

Skill      XL: |  1  2  3  4  5 |
---------------+----------------+-----
Transmutations | 1 |  1.3
Earth Magic    | 4 |  4.4
Stealth        | 3 |  3.7
Conjurations   | 1 |  1.4
Dodging        | 2 |  2.0
Spellcasting   | |  2.6
Air Magic      | |  0.4
Poison Magic   | |  0.7

Action                   |  1- 3 |  4- 6 || total
-------------------------+-------+-------++-------
Melee: Unarmed           |    31 |       ||    31
       Staff             |     2 |     4 ||     6
 Cast: Sandblast         |    54 |    29 ||    83
Evoke: Wand              |     2 |       ||     2
  Use: Scroll            |     4 |       ||     4
       Potion            |       |     3 ||     3
Armor: Robe              |    23 |    15 ||    38
Dodge: Dodged            |    70 |    10 ||    80

Table legend: (Time is in decaauts)
 A = Elapsed time spent in this place.
 B = Non-inter-level travel time spent in this place.
 C = Inter-level travel time spent in this place.
 D = Time resting spent in this place.
 E = Time spent auto-exploring this place.
 F = Levels seen in this place.
 G = Mean time per level.
                   A        B        C        D        E       F      G
               +--------+--------+--------+--------+--------+-----+--------+
         Total |   2125 |   2092 |     33 |    261 |   1453 |   4 |  531.2 |
       Dungeon |   1606 |   1573 |     33 |     54 |   1277 |   3 |  535.3 |
         Sewer |    519 |    519 |      0 |    207 |    176 |   1 |  519.0 |
               +--------+--------+--------+--------+--------+-----+--------+

Top non-repeatable levels by time:
     D:1: 952 daAuts
     D:2: 622 daAuts
   Sewer: 519 daAuts
     D:3: 31 daAuts
